 Dungeon Crawl Stone Soup version 0.26-a0-34-g9e0bf03589 (webtiles) character file.

Game seed: 11452729584615519229, levelgen mode: deterministic

26 Harbin the Ruffian (level 2, -4/23 HPs)
             Began as a Draconian Transmuter on May 29, 2020.
             Slain by an iron imp (10 damage)
             ... summoned by Natasha
             ... on level 2 of the Dungeon.
             The game lasted 00:09:29 (1220 turns).

Harbin the Ruffian (Draconian Transmuter)           Turns: 1220, Time: 00:09:30

Health: -4/23      AC:  4    Str: 12    XL:     2   Next: 89%
Magic:  5/5        EV: 12    Int: 13    God:
Gold:   90         SH:  0    Dex: 11    Spells: 4/5 levels left

rFire    . . .     SeeInvis .   i - -1 spear (curse)
rCold    . . .     Gourm    .   (no shield)
rNeg     . . .     Faith    .   (armour unavailable)
rPois    .         Spirit   .   (helmet restricted)
rElec    .         Reflect  .   (no cloak)
rCorr    .         Harm     .   (no gloves)
MR       .....                  (no boots)
Stlth    +.........             (no amulet)
HPRegen  0.07/turn              b - ring of ice
MPRegen  0.09/turn              g - ring of fire

@: appendage (expiring)
A: unfitting armour, horns 2, cold-blooded, AC +4
a: End Transformation


You were on level 2 of the Dungeon.
You were not hungry.
You had grown temporary horns.
You visited 1 branch of the dungeon, and saw 2 of its levels.

You collected 90 gold pieces.

Inventory:

Hand Weapons
 h - a +0 mace
 i - a cursed -1 spear (weapon)
Missiles
 a - 27 arrows
Jewellery
 b - a ring of ice (left hand)
 g - a ring of fire (right hand)
Scrolls
 f - a scroll of remove curse {unknown}
Potions
 d - 2 potions of brilliance
 e - 2 potions of curing
Comestibles
 c - 3 rations


   Skills:
 + Level 1.3 Fighting
 + Level 2.1 Dodging
 * Level 3.4 Unarmed Combat
 + Level 2.1 Spellcasting
 + Level 2.3 Transmutations


You had 4 spell levels left.
You knew the following spells:

 Your Spells              Type           Power        Failure   Level  Hunger
a - Beastly Appendage     Tmut           #.....       10%         1    ##.....

Your spell library contained the following spells:

 Spells                   Type           Power        Failure   Level  Hunger
 Sticks to Snakes         Tmut           #.......     14%         2    ###....
 Spider Form              Tmut/Pois      #.........   43%         3    ####...
 Ice Form                 Ice/Tmut       #.......     83%         4    #####..
 Blade Hands              Tmut           #.........   95%         5    ######.


Dungeon Overview and Level Annotations

Branches:
Dungeon (2/15)

Altars:

Annotations:
D:2 Natasha


Innate Abilities, Weirdness & Mutations

Your plain brown scales are hard. (AC +4)
You cannot fit into any form of body armour.
You are cold-blooded and may be slowed by cold attacks.
You have a pair of horns on your head.


Message History

The iron imp barely misses you.
Attack whom?
Press: ? - help, Dir - move target cursor, f/p - Natasha
Aim: Natasha (severely wounded)
The iron imp is in the way.
You barely miss the iron imp.
Natasha mumbles some strange words.
Attack whom?
Press: ? - help, Dir - move target cursor, f/p - Natasha
Aim: Natasha (severely wounded)
You reach to attack!
You hit Natasha.
Natasha is almost dead.
The iron imp hits you!
* * * LOW HITPOINT WARNING * * *
Attack whom?
Press: ? - help, Dir - move target cursor, f/p - Natasha
Aim: Natasha (almost dead)
The iron imp is in the way.
You hit the iron imp.
The iron imp is lightly wounded.
The iron imp hits you!
You die...

################ #
#.55h5@........# #
#.############.########
#......>.. .#
########## #.# # #.# #
##### #.#
#####...###.##
.(...###.#...#


You could see an iron imp (summoned), Natasha, a crimson imp (summoned) and a
white imp (summoned).

Vanquished Creatures
  An adder (D:2)
  A worm (D:2)
  3 bats
  3 hobgoblins (D:1)
  4 frilled lizards
  A goblin (D:1)
  2 kobolds (D:1)
  3 rats
18 creatures vanquished.

Notes
Turn   | Place    | Note
-------+----------+-------------------------------------------
     0 | D:1      | Harbin the Draconian Transmuter began the quest for the
                  | Orb.
     0 | D:1      | Reached XP level 1. HP: 16/16 MP: 3/3
   331 | D:1      | Reached XP level 2. HP: 20/23 MP: 5/5
  1206 | D:2      | Noticed Natasha
  1216 | D:2      | Noticed a crimson imp
  1220 | D:2      | Slain by an iron imp

Illustrated notes

Levels and vault maps discovered:
D:1:      psy_arrival_dodecagon, layout_rooms
D:2:      layout_loops_ring, nicolae_ru_the_path_less_chosen, first_ration,
          uniq_natasha, uniq_jessica

Skill      XL: |  1 |
---------------+----+-----
Dodging        | 2 |  2.1
Fighting       | |  1.3
Unarmed Combat | |  3.4
Spellcasting   | |  2.1
Transmutations | |  2.3

Action                   || total
-------------------------++-------
Melee: Unarmed           ||    30
       Spear             ||    75
       Tailslap          ||     4
       Punch             ||     3
 Cast: Beastly Appendage ||     2
  Use: Potion            ||     2
       Scroll            ||     1
  Eat: Ration            ||     1
Armor: Skin              ||    20
Dodge: Dodged            ||    46

Table legend:
 A = Non-vault XP
 B = Vault XP
 C = Vault XP percentage of total XP
 D = Non-vault monster count
 E = Vault monster count
 F = Vault count percentage of total count
                 A         B        C        D         E       F
            +---------+---------+-------+---------+---------+-------
      Total |      38 |       0 |   0.0 |      18 |       0 |   0.0
            +---------+---------+-------+---------+---------+-------
        D:1 |      17 |       0 |   0.0 |      13 |       0 |   0.0
        D:2 |      21 |       0 |   0.0 |       5 |       0 |   0.0
            +---------+---------+-------+---------+---------+-------
